 Dungeon Crawl Stone Soup version 0.29-a0-72-g1732ff48e7 (webtiles) character file.

Game seed: 8011323459257891486

384 fragbeetle the Poker (level 6, -4/53 HPs)
             Began as a Ghoul Gladiator on Feb 3, 2022.
             Slain by Duvessa (13 damage)
             ... on level 4 of the Dungeon.
             The game lasted 00:06:04 (4225 turns).

fragbeetle the Poker (Ghoul Gladiator)              Turns: 4225, Time: 00:06:05

Health: -4/53      AC:  6    Str: 20    XL:     6   Next: 77%
Magic:  5/5        EV: 11    Int:  3    God:
Gold:   157        SH:  0    Dex: 10    Spells: 5/5 levels left

rFire   . . .      SeeInvis .   a - +0 trident
rCold   + . .      Faith    .   (no shield)
rNeg    + + +      Spirit   .   g - +0 ring mail
rPois   ∞          Reflect  .   q - +0 helmet
rElec   .          Harm     .   (no cloak)
rCorr   .          Rampage  .   (no gloves)
Will    .....                   (no boots)
Stlth   ..........              (no amulet)
HPRegen 0.00/turn               (no ring)
MPRegen 0.09/turn               (no ring)

@: inhibited regen, hasted, very quick
A: claws 1, cold resistance 1, negative energy resistance 3, inhibited
regeneration, torment resistance 2
a: no special abilities


You were on level 4 of the Dungeon.
You visited 1 branch of the dungeon, and saw 4 of its levels.

You collected 157 gold pieces.

Inventory:

Hand Weapons
 a - a +0 trident (weapon)
Missiles
 d - 3 throwing nets (quivered)
 e - 9 javelins
 o - 4 poisoned darts
Armour
 g - a +0 ring mail (worn)
 q - a +0 helmet (worn)
Scrolls
 b - 2 scrolls of fog {unknown}
 h - 2 scrolls of teleportation {unknown}
 j - 2 scrolls of immolation {unknown}
 k - a scroll of enchant armour {unknown}
 n - 4 scrolls of noise {unknown}
 p - a scroll of holy word {unknown}
Potions
 c - a potion of berserk rage {unknown}
 f - a potion of degeneration {unknown}
 i - 4 potions of curing {unknown}
 l - a potion of heal wounds {unknown}


   Skills:
 + Level 4.4 Fighting
 * Level 5.3 Polearms
 - Level 2.0 Throwing
 + Level 1.5 Armour
 - Level 3.0 Dodging


You had 5 spell levels left.
You didn't know any spells.
Your spell library was empty.

Dungeon Overview and Level Annotations

Branches:
Dungeon (4/15)
 Temple: D:4-7

Altars:
Okawaru
Sif Muna
Zin

Annotations:
D:4 Duvessa


Innate Abilities, Weirdness & Mutations

You thrive by killing the living.
You are immune to poison.
You have sharp fingernails.
Your flesh is cold resistant. (rC+)
You are immune to negative energy. (rN+++)
You do not regenerate when monsters are visible.
You are immune to unholy pain and torment.


Message History

The puff of flame hits you. Dowan gestures at you while chanting.
The puff of flame hits you.
You closely miss Dowan.
Dowan is severely wounded.
Dowan hits you but does no damage.
You hit Dowan.
Dowan is almost dead.
Dowan barely misses you. Dowan closely misses you.
You closely miss Dowan.
Dowan is almost dead.
Dowan points at you and mumbles some strange words.
You resist with some effort.
You miss Dowan.
Dowan is almost dead.
Dowan hits you but does no damage. x2
You hit Dowan.
You kill Dowan!
You hear a distant scream of rage.
Things that are here:
a +0 dagger; a +0 robe; the elf corpse of Dowan
There is an open door here.
You start resting.
Duvessa, Sister of Dowan comes into view.
She is wielding a +0 short sword.
Duvessa shouts!
Duvessa goes berserk!
Duvessa rages.
There is an open door here.
Duvessa barely misses you. Duvessa hits you with a +0 short sword.
Duvessa hits you with a +0 short sword. Duvessa misses you.
There is an open door here.
Duvessa hits you with a +0 short sword! Duvessa hits you with a +0 short sword!
Duvessa hits you with a +0 short sword!
* * * LOW HITPOINT WARNING * * *
You feel yourself speed up. Duvessa hits you but does no damage.
Duvessa hits you with a +0 short sword!
You die...

####.####.......##
#.......#........#
#.##.##.#.........
#.##.#...^......##
#.#..#..##.##..##
#.#.#....####+#### ########
#.#.#.####.......#
#......######.......##.......#
#.......#...)@e.#.#.'.........
#.>###..#..#####..###.........
#..#>....#'#...#+###..........
####.)..#####.......#####.......#
......#+#.#...........#.#'#...#'#
#######...##.........##...#####..
#....[.+.........'......#.... ##
#......##.......##......#....
.####.......#.......#.......#....


You could see Duvessa (berserk).

Vanquished Creatures
  An ogre (D:4)
  Dowan (D:4)
  A hound (D:4)
  An orc priest (D:3)
  A hound skeleton (D:4)
  A howler monkey skeleton (D:4)
  5 adders
  A shadow imp (D:4)
  2 worms
  5 dart slugs
  9 orcs
  6 bats
  6 endoplasms
  7 giant cockroaches
  10 goblins
  8 hobgoblins
  2 jackals (D:3)
  6 kobolds
  4 quokkas
  5 ball pythons
  4 frilled lizards
  11 rats
97 creatures vanquished.

Vanquished Creatures (others)
  5 plants (D:4)
5 creatures vanquished.

Grand Total: 102 creatures vanquished

Notes
Turn   | Place    | Note
-------+----------+-------------------------------------------
     0 | D:1      | fragbeetle the Ghoul Gladiator began the quest for the Orb.
     0 | D:1      | Reached XP level 1. HP: 17/17 MP: 0/0
     3 | D:1      | Noticed an electric eel
     4 | D:1      | Noticed an electric eel
   254 | D:1      | Reached XP level 2. HP: 23/25 MP: 1/1
   261 | D:1      | Reached skill level 3 in Polearms
   595 | D:1      | Reached XP level 3. HP: 30/30 MP: 2/2
  1153 | D:2      | Reached XP level 4. HP: 21/38 MP: 3/3
  1295 | D:2      | Found a faded altar of an unknown god.
  1845 | D:3      | Reached skill level 4 in Polearms
  1996 | D:3      | Found a shimmering blue altar of Sif Muna.
  2592 | D:3      | Reached XP level 5. HP: 42/45 MP: 4/4
  3500 | D:4      | Reached XP level 6. HP: 42/52 MP: 5/5
  3604 | D:4      | Found an iron altar of Okawaru.
  3710 | D:4      | Reached skill level 5 in Polearms
  3710 | D:4      | Reached skill level 1 in Armour
  4060 | D:4      | Noticed Dowan
  4084 | D:4      | Killed Dowan
  4205 | D:4      | Noticed Duvessa
  4225 | D:4      | Slain by Duvessa

Illustrated notes

Levels and vault maps discovered:
D:1:      arrival_aquarium_b, layout_loops_ring, chequers_serial_rivers_micro_b
D:2:      layout_basic, hellmonk_ecumenical_altar_inner_sanctum
D:3:      layout_rooms, nicolae_sif_muna_condensation
D:4:      nicolae_cairo_tiling_very_big, layout_loops_cross,
          mainiacjoe_overflow_catwalk, okawaru_ov_weapons_minmay,
          serial_bayou_pond_b, kennysheep_generic_room_2, uniq_duvessa

Skill      XL: |  1  2  3  4  5  6 |
---------------+-------------------+-----
Polearms       | 3 4 5 |  5.3
Throwing       | 2 |  2.0
Dodging        | 3 |  3.0
Fighting       | 3 4 |  4.4
Armour         | 1 |  1.5

Action                   |  1- 3 |  4- 6 || total
-------------------------+-------+-------++-------
Melee: Trident           |   125 |   237 ||   362
       Punch             |     2 |     1 ||     3
  Use: Potion            |       |     1 ||     1
Armor: Leather armour    |     2 |       ||     2
       Ring mail         |    29 |    78 ||   107
Dodge: Dodged            |    64 |   109 ||   173

Table legend: (Time is in decaauts)
 A = Elapsed time spent in this place.
 B = Non-inter-level travel time spent in this place.
 C = Inter-level travel time spent in this place.
 D = Time resting spent in this place.
 E = Time spent auto-exploring this place.
 F = Levels seen in this place.
 G = Mean time per level.
                   A        B        C        D        E       F      G
               +--------+--------+--------+--------+--------+-----+--------+
         Total |   4264 |   4172 |     92 |    677 |   2671 |   4 | 1066.0 |
       Dungeon |   4264 |   4172 |     92 |    677 |   2671 |   4 | 1066.0 |
               +--------+--------+--------+--------+--------+-----+--------+

Top non-repeatable levels by time:
     D:2: 1358 daAuts
     D:4: 1226 daAuts
     D:1: 905 daAuts
     D:3: 774 daAuts
